 Dungeon Crawl Stone Soup version 0.28-a0-863-g8cecda6153 (webtiles) character file.

Game seed: 14190974161487795786

21 mandarbmax the Skirmisher (level 2, 0/31 HPs)
             Began as an Ogre Gladiator on Nov 18, 2021.
             Slain by Sigmund (5 damage)
             ... on level 2 of the Dungeon.
             The game lasted 00:01:41 (1084 turns).

mandarbmax the Skirmisher (Ogre Gladiator)          Turns: 1084, Time: 00:01:41

Health: 0/31       AC:  3    Str: 17    XL:     2   Next: 87%
Magic:  2/2        EV: 10    Int:  9    God:
Gold:   66         SH:  0    Dex: 10    Spells: 1/1 levels left

rFire   . . .      SeeInvis .   a - +0 quarterstaff
rCold   . . .      Faith    .   (shield currently unavailable)
rNeg    . . .      Spirit   .   b - +0 robe
rPois   .          Reflect  .   c - +0 hat
rElec   .          Harm     .   (no cloak)
rCorr   .          Rampage  .   (gloves unavailable)
Will    .....                   (boots unavailable)
Stlth   +.........              (no amulet)
HPRegen 0.10/turn               (no ring)
MPRegen 0.08/turn               (no ring)

@: no status effects
A: large, unfitting armour, tough skin 1
a: no special abilities


You were on level 2 of the Dungeon.
You visited 1 branch of the dungeon, and saw 2 of its levels.

You collected 66 gold pieces.

Inventory:

Hand Weapons
 a - a +0 quarterstaff (weapon)
Missiles
 d - 3 throwing nets (quivered)
Armour
 b - a +0 robe (worn)
 c - a +0 hat (worn)
Scrolls
 k - a scroll of enchant armour
Potions
 f - a potion of mutation {unknown}
 g - 2 potions of degeneration {unknown}
 h - a potion of haste {unknown}
 j - a potion of curing {unknown}


   Skills:
 + Level 3.4 Fighting
 + Level 3.4 Staves
 - Level 2.0 Throwing
 - Level 3.0 Dodging


You had one spell level left.
You didn't know any spells.
Your spell library contained the following spells:

 Spells                   Type           Power      Damage    Failure   Level
 Inner Flame              Hex/Fire       0%         N/A       77%         3
 Cause Fear               Hex            0%         N/A       99%         4
 Discord                  Hex            0%         N/A       100%        8


Dungeon Overview and Level Annotations

Branches:
Dungeon (2/15)

Altars:

Shops:
D:2 !

Annotations:
D:2 Sigmund


Innate Abilities, Weirdness & Mutations

You are too large for most types of armour.
You have tough skin. (AC +1)


Message History

You are more confused.
The giant cockroach bites you but does no damage.
You closely miss the giant cockroach. The giant cockroach barely misses you.
The giant cockroach closely misses you.
The giant cockroach bites you but does no damage.
The giant cockroach bites you but does no damage.
Sigmund casts a spell at you. The magic dart hits you.
The giant cockroach barely misses you.
Sigmund mumbles some strange words.
Sigmund flickers and vanishes!
Deactivating autopickup; reactivate with Ctrl-A.
The giant cockroach closely misses you.
You are more confused.
The giant cockroach bites you but does no damage.
The giant cockroach bites you. The giant cockroach closely misses you.
The giant cockroach closely misses you.
You're too confused to move!
The giant cockroach misses you. The giant cockroach bites you.
You're too confused to move!
The giant cockroach bites you but does no damage.
Something hits you but does no damage. The giant cockroach closely misses you.
Something hits you but does no damage.
You feel less confused. The giant cockroach bites you. Something hits you!
As you read the scroll labelled JIF QI APANACK, it crumbles to dust.
You feel aware of your surroundings.
It was a scroll of magic mapping.
The giant cockroach bites you but does no damage.
As you read the scroll labelled VYCESY OSEWN, it crumbles to dust.
It is a scroll of identify.
k - a scroll of enchant armour Something hits you.
* * * LOW HITPOINT WARNING * * *
The giant cockroach bites you.
* * * LOW HITPOINT WARNING * * *
Okay, then.
Okay, then.
Something hits you.
You die...

###
*,,,,+,,,,#.#..........,+,,*
..#
*,,,,*****#.#.>........∩****
..# ####### #,##.!........*
..# #.....# *,*******+***,*
..# #.....# *,* *,* *,*
..####.....# *,* ***,***,*
...........# *,* *,,,,,*,*
...........#####+#####,*,,,*,*
...............B@....#,*****,*
.....................#,,,,,,,*
.....................#********
.............<.......#
.....................#
.....................#
.....................#
#########............#
#≈≈≈≈≈≈≈#####........#


You could see a giant cockroach.

Vanquished Creatures
  4 bats (D:1)
  An endoplasm (D:1)
  2 goblins (D:1)
  3 hobgoblins (D:1)
  2 jackals (D:1)
  2 kobolds (D:1)
  4 ball pythons
  A frilled lizard (D:1)
19 creatures vanquished.

Notes
Turn   | Place    | Note
-------+----------+-------------------------------------------
     0 | D:1      | mandarbmax the Ogre Gladiator began the quest for the Orb.
     0 | D:1      | Reached XP level 1. HP: 22/22 MP: 1/1
   433 | D:1      | Reached XP level 2. HP: 30/31 MP: 2/2
   833 | D:1      | You fall into a shaft and drop 1 floor!
   955 | D:2      | Found Korish's Distillery.
  1036 | D:2      | Noticed Sigmund
  1084 | D:2      | Slain by Sigmund

Illustrated notes

Levels and vault maps discovered:
D:1:      nzn_arrival_settlement, layout_loops_ring
D:2:      layout_basic, serial_shops, shop, minmay_misc_feat_encased,
          chequers_serial_rivers_micro_c, kennysheep_generic_room_8,
          uniq_sigmund

Skill      XL: |  1  2 |
---------------+-------+-----
Fighting       | 3 |  3.4
Dodging        | 3 |  3.0
Staves         | |  3.4
Throwing       | |  2.0

Action                   || total
-------------------------++-------
Melee: Quarterstaff      ||    48
  Use: Scroll            ||     2
Armor: Robe              ||    36
Dodge: Dodged            ||    36

Table legend: (Time is in decaauts)
 A = Elapsed time spent in this place.
 B = Non-inter-level travel time spent in this place.
 C = Inter-level travel time spent in this place.
 D = Time resting spent in this place.
 E = Time spent auto-exploring this place.
 F = Levels seen in this place.
 G = Mean time per level.
                   A        B        C        D        E       F      G
               +--------+--------+--------+--------+--------+-----+--------+
         Total |   1092 |   1031 |     61 |      0 |    863 |   2 |  546.0 |
       Dungeon |   1092 |   1031 |     61 |      0 |    863 |   2 |  546.0 |
               +--------+--------+--------+--------+--------+-----+--------+

Top non-repeatable levels by time:
     D:1: 975 daAuts
     D:2: 117 daAuts
